 Dungeon Crawl Stone Soup version 0.31-a0-851-g7ff8af7976 (webtiles) character file.

Game seed: 8535404515482649929

396 DocEon the Cutter (level 7, 0/36 HPs)
             Began as a Kobold Enchanter on Oct 6, 2023.
             Slain by a gnoll
             ... wielding a +0 halberd
              (10 damage)
             ... on level 3 of the Dungeon.
             The game lasted 00:04:55 (2640 turns).

DocEon the Cutter (Kobold Enchanter)                Turns: 2640, Time: 00:04:55

Health: 0/36       AC:  3    Str:  6    XL:     7   Next: 9%
Magic:  10/13      EV: 15    Int: 18    God:
Gold:   127        SH:  0    Dex: 15    Spells: 3/14 levels left

rFire   . . .        a - +2 dagger
rCold   . . .        (no shield)
rNeg    . . .        b - +0 robe
rPois   .            (no helmet)
rElec   .            (no cloak)
rCorr   .            (no gloves)
SInv    .            i - +0 pair of boots
Will    .....        d - amulet of regeneration
Stlth   ++++         g - ring of flight
HPRegen 1.06/turn    (no ring)
MPRegen 0.13/turn

%: no passive effects
@: flying
A: small, no large weapons, nightstalker 3
a: no special abilities


You were on level 3 of the Dungeon.
You visited 1 branch of the dungeon, and saw 3 of its levels.

You collected 127 gold pieces.

Inventory:

Hand Weapons
 a - a +2 dagger (weapon)
Missiles
 k - 8 poisoned darts
Armour
 b - a +0 robe (worn)
 i - a +0 pair of boots (worn)
Jewellery
 d - an amulet of regeneration (around neck)
 g - a ring of flight (left hand)
Potions
 c - a potion of invisibility
 e - a potion of curing
 f - 2 potions of haste
 h - 2 potions of brilliance
 j - a potion of lignification {unknown}
 n - a potion of heal wounds {unknown}


   Skills:
 * Level 7.6 Short Blades
 - Level 2.4 Dodging
 - Level 4.0 Stealth
 + Level 4.1 Spellcasting
 - Level 3.0 Hexes


You had 3 spell levels left.
You knew the following spells:

 Your Spells              Type           Power      Damage    Failure   Level
a - Ensorcelled Hibernat  Hex/Ice        18%        N/A       12%         2
b - Tukima's Dance        Hex            14%        N/A       13%         3
c - Dazzling Flash        Conj/Hex       18%        N/A       24%         3
d - Mephitic Cloud        Conj/Pois/Air  3%         N/A       41%         3

Your spell library contained the following spells:

 Spells                   Type           Power      Damage    Failure   Level
 Confusing Touch          Hex            14%        N/A       13%         3
 Poisonous Vapours        Pois/Air       6%         N/A       22%         2
 Freezing Cloud           Conj/Ice/Air   1%         6-21      99%         5


Dungeon Overview and Level Annotations

Branches:
Dungeon (3/15)

Altars:


Innate Abilities, Weirdness & Mutations

You are small and have problems with some larger weapons.
You are completely attuned to the shadows.


Message History

You hit the gnoll. You punch the gnoll, but do no damage.
The gnoll is lightly wounded.
The gnoll misses you.
Casting: Ensorcelled Hibernation (safe; 12% risk of failure)
Confirm with . or Enter, or press ? or * to list all spells.
Okay, then.
You hit the gnoll.
The gnoll is moderately wounded.
The gnoll hits you with a +0 halberd.
Casting: Tukima's Dance (quite dangerous; 13% risk of failure)
Confirm with . or Enter, or press ? or * to list all spells.
Okay, then.
You hit the gnoll.
The gnoll is moderately wounded.
You hit the gnoll.
The gnoll is heavily wounded.
The gnoll closely misses you.
You barely miss the gnoll.
The gnoll is heavily wounded.
You closely miss the gnoll.
The gnoll is heavily wounded.
The gnoll hits you with a +0 halberd!
Your magical contamination has completely faded away.
You barely miss the gnoll.
The gnoll is heavily wounded.
The gnoll misses you.
You hit the gnoll.
The gnoll is heavily wounded.
An adder comes into view.
The adder hisses angrily.
You hit the gnoll but do no damage.
The gnoll is heavily wounded.
The gnoll hits you with a +0 halberd.
* * * LOW HITPOINT WARNING * * *
You hit the gnoll.
The gnoll is severely wounded.
You barely miss the gnoll.
The gnoll is severely wounded.
The gnoll hits you with a +0 halberd!
You die...

###.#.#.... ......
#.#.##### ......
#.#...... ....g#
.......## .....#
#.#...... ###.###
#........ ###
#####.....# ######.#
###.#####....##.##..
#.#
#)#...##..####..@# #
#.#
##.##..........#.g...
#.#
##.#...####..###..##
#.# ##.##........#
.... #.#
##.#...####...####
#.# ######.##..# #.#
####.# ...)).#.####
.. .....# #########
####.# # #.#


You could see a gnoll.

Vanquished Creatures
  Grinder (D:3)
  An orc priest (D:2)
  Jessica (D:3)
  Natasha (thrice) (D:3)
  3 gnolls (D:3)
  3 adders
  A dart slug (D:1)
  4 orcs
  A bat (D:2)
  4 endoplasms
  2 giant cockroaches (D:1)
  A goblin (D:1)
  3 hobgoblins
  A quokka (D:3)
  3 ball pythons
  3 kobolds
  2 rats
37 creatures vanquished.

Notes
Turn   | Place    | Note
-------+----------+-------------------------------------------
     0 | D:1      | DocEon the Kobold Enchanter began the quest for the Orb.
     0 | D:1      | Reached XP level 1. HP: 10/10 MP: 3/3
    49 | D:1      | Found a faded altar of an unknown god.
   218 | D:1      | Reached skill level 2 in Short Blades
   247 | D:1      | Reached XP level 2. HP: 15/15 MP: 5/5
   373 | D:1      | Reached skill level 3 in Short Blades
   564 | D:1      | Learned a level 2 spell: Ensorcelled Hibernation
   893 | D:2      | Reached skill level 4 in Short Blades
   893 | D:2      | Reached XP level 3. HP: 17/19 MP: 0/6
  1670 | D:2      | Reached XP level 4. HP: 9/24 MP: 0/7
  1790 | D:3      | Noticed Natasha
  1796 | D:3      | Killed Natasha
  1797 | D:3      | Reached skill level 5 in Short Blades
  1871 | D:3      | Noticed Grinder
  1884 | D:3      | Killed Grinder
  1885 | D:3      | Reached skill level 6 in Short Blades
  1885 | D:3      | Reached XP level 5. HP: 28/28 MP: 8/10
  1885 | D:3      | Reached XP level 6. HP: 32/32 MP: 8/11
  1965 | D:3      | Noticed Natasha
  1970 | D:3      | Killed Natasha
  1971 | D:3      | Reached skill level 7 in Short Blades
  2136 | D:3      | Noticed Natasha
  2150 | D:3      | Killed Natasha
  2248 | D:3      | Noticed Jessica
  2252 | D:3      | Killed Jessica
  2314 | D:3      | Learned a level 3 spell: Tukima's Dance
  2318 | D:3      | Learned a level 3 spell: Dazzling Flash
  2322 | D:3      | Learned a level 3 spell: Mephitic Cloud
  2402 | D:3      | Reached XP level 7. HP: 36/36 MP: 13/13
  2640 | D:3      | Slain by a gnoll

Illustrated notes

Levels and vault maps discovered:
D:1:      dpeg_arrival_arbitrary_c, layout_loops_ring,
          shapermc_ecumenical_altar_mp_urbaneastern
D:2:      layout_loops_ring, minivault_19
D:3:      wad_crossroads, layout_basic, uniq_natasha, uniq_jessica, uniq_grinder

Skill      XL: |  1  2  3  4  5  6 |
---------------+-------------------+-----
Short Blades   | 2 4 6 7 |  7.6
Spellcasting   | 3 4 |  4.1
Dodging        | |  2.4
Stealth        | |  4.0
Hexes          | |  3.0

Action                     |  1- 3 |  4- 6 |  7- 9 || total
---------------------------+-------+-------+-------++-------
  Melee: Dagger            |    43 |    42 |    16 ||   101
         Punch             |       |       |     1 ||     1
  Throw: Dart              |     3 |       |       ||     3
         Throwing net      |       |       |     1 ||     1
   Cast: Ensorcelled Hiber |     5 |    17 |     5 ||    27
         Tukima's Dance    |       |       |     1 ||     1
    Use: Scroll            |     2 |     2 |     3 ||     7
         Potion            |       |     1 |       ||     1
   Stab: Sleeping          |    13 |     9 |     4 ||    26
         Invisible         |       |     2 |       ||     2
 Armour: Robe              |    17 |    19 |     6 ||    42
  Dodge: Dodged            |    25 |    29 |    12 ||    66

Table legend: (Time is in decaauts)
 A = Elapsed time spent in this place.
 B = Non-inter-level travel time spent in this place.
 C = Inter-level travel time spent in this place.
 D = Time resting spent in this place.
 E = Time spent auto-exploring this place.
 F = Levels seen in this place.
 G = Mean time per level.
                   A        B        C        D        E       F      G
               +--------+--------+--------+--------+--------+-----+--------+
         Total |   2614 |   2546 |     68 |    544 |   1638 |   3 |  871.3 |
       Dungeon |   2614 |   2546 |     68 |    544 |   1638 |   3 |  871.3 |
               +--------+--------+--------+--------+--------+-----+--------+

Top non-repeatable levels by time:
     D:2: 1016 daAuts
     D:3: 899 daAuts
     D:1: 698 daAuts
